 Dungeon Crawl Stone Soup version 0.12.2-14-g7c90c79 (webtiles) character file.

161 MarVin the Insei (level 3, -1/28 HPs)
             Began as a Demonspawn Monk on Aug 5, 2013.
             Slain by a worm (9 damage)
             ... on Level 3 of the Dungeon.
             The game lasted 00:06:32 (1818 turns).

MarVin the Insei (Demonspawn Monk)                  Turns: 1818, Time: 00:06:33

HP  -1/28        AC  5     Str 12      XL: 3   Next: 89%
MP   2/2         EV  9     Int 11      God:
Gold 98          SH  0     Dex 15      Spells:  0 memorised,  2 levels left

Res.Fire  : + . .   See Invis. : .   u - +0,+1 spear
Res.Cold  : . . .   Warding    : .   h - +0 ring mail
Life Prot.: . . .   Conserve   : .   (no shield)
Res.Poison: .       Res.Corr.  : .   (no helmet)
Res.Elec. : .       Clarity    : .   (no cloak)
Sust.Abil.: . .     Spirit.Shd : .   (no gloves)
Res.Mut.  : .       Stasis     : .   (no boots)
Res.Rott. : .       Ctrl.Telep.: .   (no amulet)
Saprovore : . . .   Flight     : .   (no ring)
                                     o - ring of protection from fire {unknown}

@: not resistant to hostile enchantments, fairly stealthy
A: nightstalker 1
a: no special abilities


You were on level 3 of the Dungeon.
You were not hungry.

You visited 1 branch of the dungeon, and saw 3 of its levels.

You collected 98 gold pieces.

Inventory:

Hand weapons
 e - a +1,+0 elven dagger (quivered)
 u - a +0,+1 spear (weapon)
Armour
 a - a +0 robe
 h - a +0 ring mail (worn)
Comestibles
 b - a bread ration
 c - a rambutan
 j - a meat ration
 r - an orange
Scrolls
 f - a scroll of curse weapon {unknown}
 g - 4 scrolls of identify {unknown}
 k - a scroll of magic mapping {unknown}
 l - a scroll of curse jewellery {unknown}
 m - a scroll of enchant armour {unknown}
 n - a scroll of random uselessness {unknown}
Jewellery
 o - a ring of protection from fire (left hand) {unknown}
 s - an uncursed ring of regeneration {unknown}
Potions
 d - 2 potions of curing {unknown}
 i - a potion of mutation {unknown}
 p - a potion of degeneration {unknown}


   Skills:
 - Level 3.1 Fighting
 + Level 0.3 Polearms
 - Level 2.0 Armour
 - Level 3.1 Dodging
 - Level 1.8 Stealth
 - Level 4.0 Unarmed Combat


You had 2 spell levels left.
You didn't know any spells.

Dungeon Overview and Level Annotations

Branches:
Dungeon (3/27)

Altars:
Kikubaaqudgha


Innate Abilities, Weirdness & Mutations

You are slightly more attuned to the shadows.


Message History

You climb downwards.
A giant newt, a worm and a kobold come into view.
The kobold shouts!
Found 22 bolts, a short sword and 16 gold pieces.
Found an escape hatch in the floor.
There is a stone staircase leading up here.
The giant newt closely misses you.
You barely miss the giant newt. The giant newt barely misses you.
You hit the giant newt.
You kill the giant newt!
You barely miss the worm. The worm bites you!
You barely miss the worm. You hit the worm.
The worm is moderately wounded.
The worm bites you.
* * * LOW HITPOINT WARNING * * *
You hit the worm.
The worm is moderately wounded.
The worm bites you!
You die...

(#. ...
##.##
###...###
.......
#...####.#
#K....)..
##...>....
#.@.####..
#.w.#
.......
..$......#
#..........
####.$.####
#...# ...


You could see a worm and a kobold.

Vanquished Creatures
  Terence (D:2)
  A giant mite (D:2)
  3 bats
  2 giant cockroaches (D:1)
  5 goblins
  5 hobgoblins
  6 jackals (D:2)
  10 kobolds
  A giant gecko (D:2)
  2 giant newts
  4 rats
40 creatures vanquished.

Vanquished Creatures (others)
  A ball python (D:1)
1 creature vanquished.

Grand Total: 41 creatures vanquished

Notes
Turn   | Place    | Note
--------------------------------------------------------------
     0 | D:1      | MarVin, the Demonspawn Monk, began the quest for the Orb.
     0 | D:1      | Reached XP level 1. HP: 16/16 MP: 0/0
   157 | D:1      | Reached XP level 2. HP: 9/22 MP: 1/1
   479 | D:1      | Reached skill level 4 in Unarmed Combat
   923 | D:2      | Found an ancient bone altar of Kikubaaqudgha.
   961 | D:2      | Reached skill level 1 in Armour
   961 | D:2      | Gained mutation: You are slightly more attuned to the shadows. [demonic ancestry]
   961 | D:2      | Reached XP level 3. HP: 19/28 MP: 2/2
  1359 | D:2      | Noticed Terence
  1391 | D:2      | Killed Terence
  1818 | D:3      | Slain by a worm

Action                   || total
-------------------------++-------
Melee: Unarmed           ||   161
       Spear             ||    11
 Stab: Sleeping          ||     4
